 Dungeon Crawl Stone Soup version 0.22-a0-815-gb582571 (webtiles) character file.

653 BaronVonScrub the Magician (level 7, -5/49 HPs)
             Began as a Mummy Conjurer on July 23, 2018.
             Slain by an orc warrior
             ... wielding a +0 hand axe
              (14 damage)
             ... on level 5 of the Dungeon.
             The game lasted 00:26:23 (8041 turns).

BaronVonScrub the Magician (Mummy Conjurer)         Turns: 8041, Time: 00:26:23

Health: -5/49      AC:  8    Str: 11    XL:     7   Next: 28%
Magic:  5/14       EV: 11    Int: 16    God:
Gold:   277        SH:  0    Dex: 13    Spells: 6/16 levels left

rFire    + + .     SeeInvis +   q - +3 flail (protect)
rCold    . . .     Gourm    .   (no shield)
rNeg     + + +     Faith    .   n - +3 leather armour
rPois    ∞         Spirit   .   b - +0 helmet
rElec    .         Reflect  .   (no cloak)
rCorr    .         Harm     .   o - +0 pair of gloves "Plog" {rPois rF++ rC-}
MR       .....                  (no boots)
Stlth    ++........             (no amulet)
HPRegen  0.16/turn              h - ring of protection from fire
MPRegen  0.14/turn              p - ring of see invisible

@: very slightly contaminated
A: no food or potions, fire vulnerability, cold resistance 1, negative energy
resistance 3, torment resistance, unbreathing
a: no special abilities


You were on level 5 of the Dungeon.
You were not hungry.

You visited 1 branch of the dungeon, and saw 6 of its levels.

You collected 277 gold pieces.

Inventory:

Hand Weapons
 c - a +1 spear
 g - the +9 hand axe of the Moth {holy, *Noise rC+ MP+9 Str+9, unknown}
   (You found it on level 4 of the Dungeon)

   It has been blessed by the Shining One to cause great damage to the undead
   and demons.
   It affects your strength (+9).
   It protects you from cold.
   It affects your magic capacity (+9).
   It may make noises in combat.
 q - a +3 flail of protection (weapon)
Armour
 a - a +2 robe
 b - a +0 helmet (worn)
 n - a +3 leather armour (worn)
 o - the +0 pair of gloves "Plog" (worn) {rPois rF++ rC-}
   (You found it on level 5 of the Dungeon)

   It greatly protects you from fire.
   It makes you vulnerable to cold.
   It protects you from poison.
Jewellery
 h - a ring of protection from fire (left hand)
 m - an uncursed ring of ice
 p - a ring of see invisible (right hand)
Wands
 j - a wand of paralysis (16)
Scrolls
 d - 4 scrolls of identify
 e - a scroll of blinking
 i - 2 scrolls of amnesia
 k - a scroll of magic mapping
 l - a scroll of remove curse


   Skills:
 + Level 1.6 Fighting
 * Level 1.9 Maces & Flails
 - Level 2.6 Polearms
 - Level 0.3 Armour
 - Level 1.5 Dodging
 - Level 1.5 Stealth
 + Level 5.3 Spellcasting
 + Level 4.8 Conjurations
 + Level 1.3 Transmutations
 - Level 0.2 Evocations


You had 6 spell levels left.
You knew the following spells:

 Your Spells              Type           Power        Failure   Level  Hunger
a - Magic Dart            Conj           ###.         2%          1    N/A
b - Sticks to Snakes      Tmut           #.......     17%         2    N/A
c - Dazzling Spray        Conj/Hex       ##....       22%         3    N/A
d - Iskenderun's Mystic   Conj           ###.....     26%         4    N/A

Your spell library contained the following spells:

 Spells                   Type           Power        Failure   Level  Hunger
 Spider Form              Tmut/Pois      #.........   41%         3    N/A
 Blade Hands              Tmut           #.........   97%         5    N/A
 Ice Form                 Ice/Tmut       #.......     83%         4    N/A
 Beastly Appendage        Tmut           #.....       12%         1    N/A
 Fulminant Prism          Conj/Hex       ##........   56%         4    N/A
 Force Lance              Conj/Tloc      ##......     56%         4    N/A
 Searing Ray              Conj           ###...       4%          2    N/A

Dungeon Overview and Level Annotations

Branches:
Dungeon (6/15)             Temple (0/1) D:4

Altars:
Sif Muna
Trog
Vehumet
Wu Jian
Yredelemnul

Annotations:
D:4 exclusion: 2 ogres, Blork the orc, Pikel
D:5 exclusion: ogre


Innate Abilities, Weirdness & Mutations

You do not eat or drink.
Your flesh is vulnerable to fire.
You are immune to poison.
Your flesh is cold resistant. (rC+)
You are immune to negative energy. (rN+++)
You are immune to unholy pain and torment.
You can survive without breathing.


Message History

Confirm with . or Enter, or press ? or * to list all spells.
Aiming: Dazzling Spray (safe; 22% risk of failure)
Press: ? - help, Shift-Dir - straight line, f/p - orc warrior
Aim: an orc warrior, wielding a hand axe and wearing a plate armour (heavily wounded)
You miscast Dazzling Spray.
Sparks fly from your hands!
The orc warrior hits you but does no damage.
Casting: Dazzling Spray (safe; 22% risk of failure)
Confirm with . or Enter, or press ? or * to list all spells.
Aiming: Dazzling Spray (safe; 22% risk of failure)
Press: ? - help, Shift-Dir - straight line, f/p - orc warrior
Aim: an orc warrior, wielding a hand axe and wearing a plate armour (heavily wounded)
The spray of energy hits the orc warrior.
The orc warrior is severely wounded.
The orc warrior is dazzled.
The orc warrior hits you with a hand axe!
* * * LOW HITPOINT WARNING * * *
You closely miss the orc warrior.
The orc warrior is severely wounded.
The orc warrior hits you with a hand axe!
You die...

...# ...#
)..###############
.................#
...............#.#
#.############.#.#
.............#.#.#
#.##########.#.#.#
...............o@##########
#..#.##.##.#.#............#
##.#.##.##.#.#..........#.#
##...##.#......##.........#
..!..##.#......##.#####.###
###.###.#...............#
................#.#.....#
####.##.#.......#.##.##.#
................#.......#


You could see an orc warrior (blind).

Vanquished Creatures
  Edmund (D:5)
  3 slaves
  2 crimson imps (D:5)
  A jelly (D:5)
  A centaur skeleton (D:5)
  A hound (D:6)
  4 orc wizards (D:6)
  2 bullfrog skeletons (D:5)
  A worker ant (D:5)
  6 adders
  A shadow imp (D:2)
  An ooze (D:1)
  An adder skeleton (D:4)
  5 worms
  A dart slug (D:1)
  3 leopard geckos
  23 orcs
  6 bats
  5 giant cockroaches
  2 goblins
  6 hobgoblins
  7 jackals (D:2)
  2 quokkas
  A ball python (D:2)
  5 frilled lizards
  8 kobolds
  7 rats
106 creatures vanquished.

Vanquished Creatures (collateral kills)
  A slave (D:4)
1 creature vanquished.

Grand Total: 107 creatures vanquished

Notes
Turn   | Place    | Note
-------+----------+-------------------------------------------
     0 | D:1      | BaronVonScrub the Mummy Conjurer began the quest for the Orb.
     0 | D:1      | Reached XP level 1. HP: 13/13 MP: 4/4
   125 | D:1      | Reached XP level 2. HP: 19/19 MP: 0/5
   772 | D:1      | Reached skill level 3 in Spellcasting
  1217 | D:2      | Reached XP level 3. HP: 18/24 MP: 1/7
  1282 | D:2      | Found a radiant altar of Vehumet.
  1757 | D:2      | Reached XP level 4. HP: 28/30 MP: 2/9
  1987 | D:2      | Found a basalt altar of Yredelemnul.
  2004 | D:2      | Reached skill level 1 in Polearms
  2495 | D:3      | Found a bloodstained altar of Trog.
  2506 | D:3      | Found an ornate altar of the Wu Jian Council.
  2806 | D:3      | Reached XP level 5. HP: 34/36 MP: 1/10
  3153 | D:4      | Noticed a slave
  3153 | D:4      | Noticed a slave
  3153 | D:4      | Noticed a slave
  3154 | D:4      | Noticed Pikel
  3481 | D:2      | Learned a level 2 spell: Sticks to Snakes
  3593 | D:4      | Noticed a slave
  3625 | D:4      | Killed a slave
  3657 | D:3      | Killed a slave
  4069 | D:3      | Killed a slave
  4214 | D:4      | Killed a slave
  4345 | D:4      | Reached skill level 4 in Spellcasting
  4387 | D:4      | Noticed Edmund
  4677 | D:4      | Found a staircase to the Ecumenical Temple.
  4759 | D:4      | Noticed an ogre
  4817 | D:4      | Noticed Blork the orc
  4942 | D:4      | Noticed an ogre
  5116 | D:4      | Got a bloodstained hand axe
  5238 | D:5      | Entered Level 5 of the Dungeon
  5517 | D:5      | Reached skill level 1 in Transmutations
  5560 | D:5      | Reached XP level 6. HP: 29/42 MP: 2/13
  5653 | D:5      | Learned a level 3 spell: Dazzling Spray
  5658 | D:5      | Learned a level 4 spell: Iskenderun's Mystic Blast
  6221 | D:5      | Got a pair of slimy gloves
  6228 | D:5      | Identified the +0 pair of gloves "Plog" {rPois rF++ rC-} (You found it on level 5 of the Dungeon)
  6635 | D:5      | Killed Edmund
  6635 | D:5      | Reached skill level 1 in Fighting
  6635 | D:5      | Reached skill level 5 in Spellcasting
  7123 | D:6      | Reached XP level 7. HP: 36/48 MP: 11/14
  7151 | D:6      | Reached skill level 1 in Maces & Flails
  7661 | D:6      | Found a deep blue altar of Sif Muna.
  8041 | D:5      | Slain by an orc warrior

Vault maps used:
D:1:      lightli_arrival_farm
D:2:      lemuel_doored_altar, lemuel_crystal_altar, first_ration,
          minmay_tetromino_t2
D:3:      cheibrodos_old_hovel, grunt_temple_overflow_open
D:4:      temple_hall_moat, grunt_dithmenos_shadows, uniq_blork_the_orc,
          uniq_pikel, uniq_edmund
D:6:      zin_angel, lemuel_blue_sif_altar, serial_shops, shop,
          kennysheep_opposing_triangles

Skill      XL: |  1  2  3  4  5  6  7 |
---------------+----------------------+-----
Spellcasting   | 3 4 5 |  5.3
Conjurations   | 4 |  4.8
Polearms       | 1 2 |  2.6
Transmutations | 1 |  1.3
Fighting       | 1 |  1.6
Maces & Flails | 1 |  1.9
Armour         | |  0.3
Dodging        | |  1.5
Stealth        | |  1.5
Evocations     | |  0.2

Action                   |  1- 3 |  4- 6 |  7- 9 || total
-------------------------+-------+-------+-------++-------
Melee: Unarmed           |     5 |       |       ||     5
       Spear             |    60 |   170 |       ||   230
       Flail             |       |    11 |    52 ||    63
 Cast: Magic Dart        |    80 |   168 |    23 ||   271
       Sticks to Snakes  |       |    15 |       ||    15
       Dazzling Spray    |       |       |     1 ||     1
Evoke: Wand              |       |     7 |       ||     7
  Use: Scroll            |     3 |     9 |     2 ||    14
 Stab: Sleeping          |       |     2 |       ||     2
       Distracted        |       |     1 |       ||     1
       Paralysed         |       |    30 |       ||    30
Armor: Robe              |    13 |    32 |       ||    45
       Leather armour    |       |    20 |    26 ||    46
Dodge: Dodged            |    56 |    84 |    41 ||   181

Table legend:
 A = Spawn XP
 B = Non-spawn XP
 C = Spawn XP percentage of total XP
 D = Spawn monster count
 E = Non-spawn monster count
 F = Spawn count percentage of total count
 G = Total turns spent on level
                    A         B        C        D         E        F      G
               +---------+---------+-------+---------+---------+-------+---------
         Total |       0 |     933 |   0.0 |       0 |     103 |   0.0 |  8041
               +---------+---------+-------+---------+---------+-------+---------
           D:1 |       0 |      35 |   0.0 |       0 |      16 |   0.0 |  1168
           D:2 |       0 |     121 |   0.0 |       0 |      35 |   0.0 |  1641
           D:3 |       0 |      42 |   0.0 |       0 |      12 |   0.0 |  1293
           D:4 |       0 |      33 |   0.0 |       0 |       8 |   0.0 |  1209
           D:5 |       0 |     468 |   0.0 |       0 |      16 |   0.0 |  2012
           D:6 |       0 |     234 |   0.0 |       0 |      16 |   0.0 |   718
               +---------+---------+-------+---------+---------+-------+---------
